[Event "*** Titled Tuesday Blitz"]
[Site "Chess.com"]
[Date "2020.10.20"]
[Round "2"]
[White "German_Bazeev"]
[Black "ristingho"]
[Result "1-0"]
[WhiteElo "2703"]
[BlackElo "2423"]
[TimeControl "180+1"]
[EndTime "10:16:33 PDT"]
[Termination "German_Bazeev won by resignation"]

1. d4 Nf6 2. Nf3 e6 3. c4 d5 4.
g3 dxc4 5. Bg2 c5 6. O-O Nc6 7. Ne5 Bd7 8. Na3 cxd4 9. Naxc4 Be7 10. Qb3 O-O 11. Bd2 Rb8 12. Bf4 Rc8 13. Qxb7 Nxe5 14. Nxe5 Bc5 15. Bg5 Rc7 16. Qb3 h6 17. Nxd7 hxg5 18.
Nxf8 Qxf8 19. Rac1 Qd6 20. Qb8+ Kh7 21. Qb5 Bb6 22. Rxc7 Qxc7 23. b4 Nd5 24. Bxd5 exd5 25. a4 Qe5 26. Qd3+ g6 27. Rc1 Bd8 28. a5 Bf6 29. b5 Qb8 30. b6 axb6 31. Rb1 b5 32. Qxb5 Qe5 33. a6 d3 34. Qxd3 1-0

[Event "*** Titled Tuesday Blitz"]
[Site "Chess.com"]
[Date "2020.10.20"]
[Round "2"]
[White "indfraeng"]
[Black "Korchmar_Vasiliy"]
[Result "1-0"]
[WhiteElo "2346"]
[BlackElo "2593"]
[TimeControl "180+1"]
[EndTime "10:16:33 PDT"]
[Termination "indfraeng won by resignation"]

1. d4 Nf6 2. c4 g6 3. g3 d5 4. cxd5 Nxd5 5. Bg2 Bg7 6. Nf3 O-O 7. O-O Nc6 8. Nc3 Nxc3 9. bxc3 e5 10. d5 Na5 11.
e4 c6 12. Bg5 f6 13. Be3 cxd5 14. exd5 Nc4 15. Bc5 Nd6 16. Nd2 Qc7 17. Ba3 Rd8 18.
Rc1 b5 19. Qb3 Kh8 20. c4 bxc4 21. Nxc4 Nxc4 22. Rxc4 Qb6 23. Rfc1 Qxb3 24. axb3 Bb7 25. Be7 Rd7 26. d6 Bxg2 27. Rc8+ Bf8 28. Kxg2 Kg7 29. Rxa8 Kf7 30. Rxf8+ Ke6 31. Rxf6+ Kd5 32. Rc7 Rd8 33.
Bxd8 1-0

[Event "*** Titled Tuesday Blitz"]
[Site "Chess.com"]
[Date "2020.10.20"]
[Round "2"]
[White "PawnEatingZombie"]
[Black "Fischerev7"]
[Result "0-1"]
[WhiteElo "2161"]
[BlackElo "2409"]
[TimeControl "180+1"]
[EndTime "10:16:35 PDT"]
[Termination "Fischerev7 won by resignation"]

1. d4 Nf6 2. c4 e6 3. Nc3 Bb4 4. Qc2 c5 5. dxc5 Qc7 6. a3 Bxc3+ 7. Qxc3 Qxc5 8. f3 d5 9. e3 O-O 10. b4 Qc7 11. Bb2 a5 12. Bd3 dxc4 13. Qxc4 Qxc4 14.
Bxc4 axb4 15. axb4 Rxa1+ 16. Bxa1 Bd7 17. Ne2 Rc8 18. Bd3 Nc6 19. Kf2 Nxb4 20. Bb1 b5 21.
Rd1 Be8 22. e4 Nd7 23. Nd4 Nb6 24. Ke2 Na4 25. Kd2 Rd8 26. Ke3 e5 0-1

[Event "*** Titled Tuesday Blitz"]
[Site "Chess.com"]
[Date "2020.10.20"]
[Round "2"]
[White "CheckThis4"]
[Black "Beca95"]
[Result "0-1"]
[WhiteElo "2578"]
[BlackElo "2898"]
[TimeControl "180+1"]
[EndTime "10:16:37 PDT"]
[Termination "Beca95 won by resignation"]

1. d4 g6 2. e4 Bg7 3. Nc3 c6 4. Nf3 d6 5. Be3 Nd7 6. Qd2 b5 7. Bd3 a6 8. O-O Bb7 9. Ne2 c5 10. c3 Ngf6 11. Ng3 e5 12. h3 O-O 13. Rfe1 Re8 14.
Rad1 exd4 15. cxd4 c4 16. Bb1 Bxe4 17. Bxe4 Nxe4 18. Nxe4 Rxe4 19. Bg5 Qe8 20. Rxe4 Qxe4 21. Re1 Qd5 22. Re7 Nf8 23. Bh6 Ne6 24. Bxg7 Kxg7 25.
Qe3 h6 26. Rd7 Re8 27. Ne5 Nf8 28. Qg3 Rxe5 29. dxe5 Nxd7 30. exd6 Ne5 31. Qc3 f6 32. f4 Nf7 33. g4 Qxd6 34. f5 g5 35. h4 gxh4 36.
Qh3 Qg3+ 0-1

[Event "*** Titled Tuesday Blitz"]
[Site "Chess.com"]
[Date "2020.10.20"]
[Round "2"]
[White "Pertinhez76"]
[Black "ajgreen"]
[Result "0-1"]
[WhiteElo "2139"]
[BlackElo "2402"]
[TimeControl "180+1"]
[EndTime "10:16:37 PDT"]
[Termination "ajgreen won by resignation"]

1. d4 f5 2. e4 fxe4 3. Nc3 Nf6 4. Bg5 Nc6 5. Qd2 d5 6. O-O-O Bf5 7. f3 Qd6 8. Nb5 Qd7 9. g4 Bg6 10. Bf4 Rc8 11.
Bh3 exf3 12. g5 Ng4 13. Nxf3 Bf5 14. Rde1 g6 15. Nh4 Bg7 16. Rhg1 Ne3 17. Nxf5 Nxf5 18.
Be5 Nxe5 19. Rxe5 Bxe5 20. Qe2 Bf4+ 21. Kb1 O-O 22. Nc3 e6 23. Nd1 c5 24. Nf2 Nxd4 25.
Qg4 Be3 26. c3 Bxf2 27. Rg2 Be3 28. cxd4 Rf1+ 29. Kc2 cxd4+ 0-1

[Event "*** Titled Tuesday Blitz"]
[Site "Chess.com"]
[Date "2020.10.20"]
[Round "2"]
[White "Andrii_Prydun"]
[Black "RamyresCoelho"]
[Result "1-0"]
[WhiteElo "2377"]
[BlackElo "2065"]
[TimeControl "180+1"]
[EndTime "10:16:39 PDT"]
[Termination "Andrii_Prydun won by resignation"]

1. d4 Nf6 2. Bf4 g6 3. Qc1 Bg7 4. Bh6 O-O 5. Bxg7 Kxg7 6. Nc3 d5 7. e3 Nc6 8. Nf3 Re8 9. Bb5 a6 10. Bxc6 bxc6 11. Na4 Nd7 12. c4 Bb7 13. O-O e5 14. dxe5 Nxe5 15. Nxe5 Rxe5 16. Nc5 Bc8 17. Qc3 f6 18.
Nd3 Rh5 19. Nf4 Rh6 20. Rad1 g5 21. Ne2 Qd6 22. Ng3 Be6 23. f4 gxf4 24. Rxf4 Qe5 25.
cxd5 Bxd5 26. Nf5+ Kg6 27. Nxh6 Kxh6 28. Rxf6+ Qxf6 29. Qxf6+ Kh5 30. Rd4 1-0

[Event "*** Titled Tuesday Blitz"]
[Site "Chess.com"]
[Date "2020.10.20"]
[Round "2"]
[White "scandalgod"]
[Black "ChessArchitect64"]
[Result "1-0"]
[WhiteElo "2375"]
[BlackElo "2035"]
[TimeControl "180+1"]
[EndTime "10:16:40 PDT"]
[Termination "scandalgod won by resignation"]

1. d4 d5 2. c4 c6 3. cxd5 cxd5 4.
Bg5 h6 5. Bh4 Qb6 6. Qd2 Nc6 7.
Nc3 Qxd4 8. Qxd4 Nxd4 9. O-O-O Ne6 10. e4 d4 11. Bb5+ Bd7 12. Bxd7+ Kxd7 13. Nf3 g5 14.
Bg3 Bg7 15. Nb5 a6 16. Nbxd4 Nxd4 17. Nxd4 Bxd4 18. Rxd4+ Ke8 19. Rhd1 b5 20. Bc7 e6 21. Rd8+ Rxd8 22. Rxd8+ Ke7 23. Ra8 Kd7 24. Be5 f6 25. Bxf6 1-0

[Event "*** Titled Tuesday Blitz"]
[Site "Chess.com"]
[Date "2020.10.20"]
[Round "2"]
[White "SamuelGhimpu2003"]
[Black "crescentmoon2411"]
[Result "0-1"]
[WhiteElo "2575"]
[BlackElo "2887"]
[TimeControl "180+1"]
[EndTime "10:16:41 PDT"]
[Termination "crescentmoon2411 won by resignation"]

1. d4 Nf6 2. c4 c5 3. d5 e6 4. Nc3 exd5 5. cxd5 d6 6. e4 g6 7. f4 Bg7 8. Bb5+ Nfd7 9. a4 Qh4+ 10. g3 Qe7 11. Nf3 O-O 12. O-O Na6 13. Re1 Nb4 14.
Kg2 a6 15. Bf1 Rd8 16. Bd2 Nf6 17. h3 Rb8 18. Kh2 h6 19. Qb3 b5 20. axb5 axb5 21. e5 dxe5 22. Nxe5 Qb7 23. Bxb5 Nbxd5 24. Nc6 Qxc6 25.
Bxc6 Rxb3 26. Nxd5 Nxd5 27. Ba5 Rxb2+ 28. Kh1 Nb6 29.
Bxb6 0-1

[Event "*** Titled Tuesday Blitz"]
[Site "Chess.com"]
[Date "2020.10.20"]
[Round "2"]
[White "Stalri"]
[Black "gmpeter008"]
[Result "0-1"]
[WhiteElo "2144"]
[BlackElo "2405"]
[TimeControl "180+1"]
[EndTime "10:16:44 PDT"]
[Termination "gmpeter008 won by resignation"]

1. d4 Nf6 2. c4 e6 3. Nf3 Bb4+ 4. Nbd2 d5 5. e3 O-O 6. a3 Be7 7. b4 a5 8. Rb1 axb4 9. axb4 dxc4 10. Bxc4 Nd5 11. Bxd5 exd5 12. O-O Bf5 13. Rb3 Nd7 14. Bb2 c6 15. Ne5 Nxe5 16. dxe5 Ra2 17. Nb1 Ra4 18. Qd4 Bc2 19. Rc3 Rxb4 20. Qd2 Bg6 21. Na3 Qb6 22. Ba1 Ra8 23. Nc2 Rb1 24. e4 Bxe4 25. e6 Bxc2 26. exf7+ Kf8 27. Qxc2 Rxf1+ 28. Kxf1 Rxa1+ 29. Ke2 Qa6+ 30. Kf3 Ra3 31. Kg4 Rxc3 32. Qxc3 Qe2+ 33. Kh3 Qh5+ 34.
Kg3 Bd6+ 35. f4 Qg5+ 36. Kf3 Qxf4+ 37. Ke2 Qe5+ 38. Qxe5 Bxe5 0-1

[Event "*** Titled Tuesday Blitz"]
[Site "Chess.com"]
[Date "2020.10.20"]
[Round "2"]
[White "Annawel"]
[Black "Gahan-MG"]
[Result "1-0"]
[WhiteElo "2913"]
[BlackElo "2594"]
[TimeControl "180+1"]
[EndTime "10:16:46 PDT"]
[Termination "Annawel won by resignation"]

1. Nf3 Nf6 2. g3 g6 3. Bg2 Bg7 4. O-O O-O 5. c4 d5 6. cxd5 Nxd5 7. Nc3 Nb6 8. b3 Nc6 9. Bb2 a5 10. Rc1 Bg4 11. h3 Bf5 12. d3 Qd7 13. g4 Be6 14.
Qd2 a4 15. Ne4 axb3 16. Bxg7 Kxg7 17. Nc5 Qc8 18. axb3 Bd5 19. e4 Be6 20. d4 Rd8 21. d5 Nxd5 22. exd5 Bxd5 23. Qc3+ Kg8 24. Rfe1 b6 25.
Nd3 Ra3 26. Rb1 Qa6 27. Nf4 Bxf3 28. Bxf3 Nd4 29. Bg2 c5 30. Rxe7 Ra2 31. Rbe1 Qb5 32. Bd5 Rf8 33. b4 Rc2 34. Qe3 Qxb4 35. Rxf7 Rxf7 36. Qe8+ Kg7 37. Qxf7+ Kh6 38. g5+ Kxg5 39. Qe7+ Kh6 40. Qh4+ 1-0

[Event "*** Titled Tuesday Blitz"]
[Site "Chess.com"]
[Date "2020.10.20"]
[Round "2"]
[White "elohunter1999"]
[Black "Radzio1987"]
[Result "0-1"]
[WhiteElo "2525"]
[BlackElo "2836"]
[TimeControl "180+1"]
[EndTime "10:16:48 PDT"]
[Termination "Radzio1987 won by resignation"]

1. e4 c6 2. Nc3 d5 3. Nf3 Bg4 4. h3 Bxf3 5. Qxf3 e6 6. Be2 Nd7 7. d4 g6 8. Be3 Bg7 9. O-O-O Ne7 10. h4 h5 11. Kb1 Qb6 12. Rhe1 Nf6 13. Bg5 dxe4 14.
Nxe4 Nxe4 15. Qxe4 c5 16. Bc4 Nf5 17. Rd3 Nd6 18. Qf3 Nxc4 19. Rb3 Qa5 20. c3 O-O 21. d5 Ne5 22. Qg3 c4 0-1

[Event "*** Titled Tuesday Blitz"]
[Site "Chess.com"]
[Date "2020.10.20"]
[Round "2"]
[White "ChronicUnhappiness"]
[Black "Ind1anStar"]
[Result "0-1"]
[WhiteElo "2281"]
[BlackElo "2458"]
[TimeControl "180+1"]
[EndTime "10:16:52 PDT"]
[Termination "Ind1anStar won by resignation"]

1. c4 e6 2. d4 d5 3. Nc3 Be7 4.
cxd5 exd5 5. Nf3 Nf6 6. Bg5 c6 7. Qc2 Nbd7 8. e3 O-O 9. Bd3 Re8 10. O-O Nf8 11. Rab1 Ng6 12. b4 a6 13. a4 h6 14. Bxf6 Bxf6 15. Bxg6 fxg6 16. Qxg6 Be6 17. Ne2 Qd7 18. Qg3 Bf5 19. Rb3 Bc2 20. Ra3 Be7 21. Ne5 Qf5 22. Rc3 Bxb4 23. Rxc2 Qxc2 24. Nf4 Qf5 25.
h4 Bd6 26. Nfd3 Qxd3 27. Nxd3 Bxg3 28. fxg3 Rxe3 29. Ne5 Rxg3 30. a5 Ra3 31. Rb1 Ra7 32. h5 Rxa5 33. Ng6 Rb5 34. Rf1 Ra8 35. Ne7+ Kh7 36.
Rf7 a5 37. Nf5 Rg8 38. Ne7 a4 39. Nxg8 Kxg8 40. Rf3 Rb3 41. Rf2 a3 42. Ra2 b5 43.
Kh2 b4 44. Re2 Rb2 45. Re8+ Kf7 46. Rc8 a2 47. Rc7+ Kg8 0-1

[Event "*** Titled Tuesday Blitz"]
[Site "Chess.com"]
[Date "2020.10.20"]
[Round "2"]
[White "MidnightFox"]
[Black "barbara25"]
[Result "0-1"]
[WhiteElo "2431"]
[BlackElo "2270"]
[TimeControl "180+1"]
[EndTime "10:16:55 PDT"]
[Termination "barbara25 won by checkmate"]

1. Nf3 Nf6 2. c4 e6 3. Nc3 c6 4.
d4 d5 5. Bg5 Be7 6. e3 O-O 7. Rc1 Nbd7 8. Bd3 Re8 9. O-O Nf8 10.
Ne5 Ng6 11. f4 h6 12. Bxf6 Bxf6 13. Nxg6 fxg6 14. Bxg6 Rf8 15. c5 b6 16. b4 a6 17. Bb1 a5 18. a3 axb4 19. axb4 bxc5 20. bxc5 Ba6 21. Rf3 Bc4 22. Qc2 Ra3 23. Qh7+ Kf7 24. f5 Qa5 25. fxe6+ Ke8 26. Rxf6 Rxf6 27. Qg8+ Ke7 28.
Qxg7+ Kxe6 29. Bh7 Qxc3 30. Bg8+ Kf5 31. g4+ Ke4 32. Rxc3 Rf1+ 33. Kg2 Ra2+ 34. Kg3 Rf3+ 35. Kh4 Rxh2# 0-1

[Event "*** Titled Tuesday Blitz"]
[Site "Chess.com"]
[Date "2020.10.20"]
[Round "2"]
[White "GMJustin"]
[Black "sbouchet"]
[Result "1-0"]
[WhiteElo "2260"]
[BlackElo "2425"]
[TimeControl "180+1"]
[EndTime "10:16:56 PDT"]
[Termination "GMJustin won by resignation"]

1. d4 Nf6 2. c4 d6 3. g3 Nbd7 4. Bg2 e5 5. Nc3 g6 6. e4 exd4 7. Qxd4 Bg7 8. Nge2 O-O 9. O-O Nc5 10. Qd1 a5 11. Be3 Be6 12. b3 Qe7 13. Rc1 c6 14.
f3 Rad8 15. Qd2 d5 16. cxd5 cxd5 17. Nxd5 Nxd5 18. Bxc5 Qe8 19. exd5 Rxd5 20. Qe1 Qd7 21. Bxf8 Bxf8 22. Nf4 Rd2 23. Nxe6 fxe6 24. Rf2 Rd3 25. Bh3 Bb4 26. Bxe6+ Kg7 27. Qe5+ 1-0

[Event "*** Titled Tuesday Blitz"]
[Site "Chess.com"]
[Date "2020.10.20"]
[Round "2"]
[White "EvgenyRomanov"]
[Black "krasavetc"]
[Result "0-1"]
[WhiteElo "2598"]
[BlackElo "2331"]
[TimeControl "180+1"]
[EndTime "10:16:57 PDT"]
[Termination "krasavetc won by resignation"]

1. Nf3 e6 2. c4 d5 3. g3 Nf6 4. Bg2 Be7 5. O-O c6 6. Qc2 O-O 7. b3 Nbd7 8. Bb2 b6 9. d3 Bb7 10. e4 dxe4 11. dxe4 c5 12. e5 Ng4 13. h3 Nh6 14. g4 f6 15. Nbd2 f5 16. gxf5 Nxf5 17. Ne4 Qc7 18. Rad1 Rad8 19. Nd6 Nxd6 20. exd6 Bxd6 21.
Rxd6 Qxd6 22. Ng5 Rf5 23. Nxe6 Qxe6 24. Bxb7 Rg5+ 25. Kh2 Ne5 26. f4 Rh5 27. Qg2 Ng4+ 28. Kh1 Rxh3+ 29. Kg1 Qe3+ 30. Rf2 Rd1+ 0-1

[Event "*** Titled Tuesday Blitz"]
[Site "Chess.com"]
[Date "2020.10.20"]
[Round "2"]
[White "Rud_Makarian"]
[Black "Chessmatus"]
[Result "1-0"]
[WhiteElo "2746"]
[BlackElo "2338"]
[TimeControl "180+1"]
[EndTime "10:16:58 PDT"]
[Termination "Rud_Makarian won by resignation"]

1. e4 c5 2. Nf3 d6 3. d4 cxd4 4. Nxd4 Nf6 5. Nc3 a6 6. Be3 e5 7.
Nb3 Be7 8. f3 h5 9. Qd2 Be6 10.
O-O-O Nbd7 11. Nd5 Bxd5 12. exd5 Qc7 13. Kb1 Nb6 14.
Qa5 Rc8 15. c3 Bd8 16. Be2 Nbxd5 17. Rxd5 Qc6 18. Rxe5+ dxe5 19. Qxe5+ Qe6 20. Qxe6+ fxe6 21. Rd1 Bc7 22. Nc5 Bb6 23. b4 O-O 24. Bc4 Rfe8 25. Rd6 Bxc5 26. Bxc5 Kf7 27. a4 Rcd8 28. Bxe6+ Kg6 29. Rxd8 Rxd8 30. Kc2 Nd7 31. Bd4 Nf6 32.
a5 h4 33. f4 Nh5 34. f5+ Kg5 35. Bb6 Re8 36. Bd5 Nf4 37. Bxb7 Re2+ 38. Kb3 Nxg2 39.
b5 Nf4 40. bxa6 Rxh2 41. a7 h3 42. a8=Q Rf2 43. Bxf2 1-0

[Event "*** Titled Tuesday Blitz"]
[Site "Chess.com"]
[Date "2020.10.20"]
[Round "2"]
[White "cukin84"]
[Black "VladimirBugayev"]
[Result "1-0"]
[WhiteElo "2048"]
[BlackElo "2355"]
[TimeControl "180+1"]
[EndTime "10:16:58 PDT"]
[Termination "cukin84 won on time"]

1. e4 c6 2. d4 d5 3. exd5 cxd5 4. Bd3 Nc6 5. c3 Nf6 6. h3 e5 7. dxe5 Nxe5 8. Be2 Be7 9. Nf3 Ng6 10. O-O O-O 11. Na3 a6 12. Nc2 Be6 13. Ncd4 Rc8 14. Bg5 h6 15.
Be3 Ne4 16. Nd2 Qd7 17. Rc1 b5 18. a3 f5 19. Nxe6 Qxe6 20. Nf3 f4 21. Bd4 Bc5 22. Bxc5 Rxc5 23. Nd4 Qf6 24. Bg4 Re8 25. f3 Ng3 26.
Re1 Rcc8 27. Bxc8 Rxc8 28. Re6 Qf7 29. Qe1 Nf5 30. Nxf5 Qxf5 31. Re8+ Rxe8 32. Qxe8+ Kh7 33. Qe2 Nh4 34. Rd1 Qg5 35. Rd2 h5 36. Qd3+ Kh8 37. Qxd5 Qg6 38. Qd8+ 1-0

[Event "*** Titled Tuesday Blitz"]
[Site "Chess.com"]
[Date "2020.10.20"]
[Round "2"]
[White "UmarovSabir"]
[Black "AlphaHero0"]
[Result "1/2-1/2"]
[WhiteElo "2353"]
[BlackElo "1956"]
[TimeControl "180+1"]
[EndTime "10:16:59 PDT"]
[Termination "Game drawn by repetition"]

1. e4 Nc6 2. d4 e5 3. d5 Nce7 4. Nf3 Ng6 5. Nc3 Bc5 6. h4 h5 7. Na4 Bb4+ 8. Bd2 Bxd2+ 9. Qxd2 d6 10. O-O-O Nf6 11. Ng5 Bd7 12. Nc3 a6 13. g3 Qb8 14.
f4 exf4 15. gxf4 Ng4 16. Qd4 O-O 17. Ne2 Qa7 18. Qxa7 Rxa7 19. Re1 Re8 20. Bg2 Nf2 21.
Rhf1 Ng4 22. Rh1 Nf2 23. Rh2 Ng4 24. Rhh1 1/2-1/2

[Event "*** Titled Tuesday Blitz"]
[Site "Chess.com"]
[Date "2020.10.20"]
[Round "2"]
[White "platy3"]
[Black "profofchess"]
[Result "1-0"]
[WhiteElo "2811"]
[BlackElo "2345"]
[TimeControl "180+1"]
[EndTime "10:17:01 PDT"]
[Termination "platy3 won by resignation"]

1. d4 Nf6 2. Nf3 e6 3. c4 c5 4.
d5 exd5 5. cxd5 d6 6. Nc3 g6 7. Nd2 Nbd7 8. e4 Bg7 9. Be2 O-O 10. O-O Re8 11. a4 a6 12. Qc2 Rb8 13. b3 Nb6 14.
Bb2 Bd7 15. f4 Ng4 16. Bxg4 Bxg4 17. Rae1 Qh4 18. a5 Na8 19. Nc4 Rbd8 20. e5 Bf5 21. Qf2 Qxf2+ 22. Rxf2 dxe5 23. fxe5 Nc7 24. d6 Nb5 25.
Ne4 Nd4 26. Nxc5 Nc2 27. Ree2 Bh6 28. Rxc2 Bxc2 29. Rxc2 Rc8 30. b4 Red8 31. Kf2 1-0

[Event "*** Titled Tuesday Blitz"]
[Site "Chess.com"]
[Date "2020.10.20"]
[Round "2"]
[White "smshk35"]
[Black "Zemerovv"]
[Result "0-1"]
[WhiteElo "2439"]
[BlackElo "2289"]
[TimeControl "180+1"]
[EndTime "10:17:03 PDT"]
[Termination "Zemerovv won by checkmate"]

1. e4 d6 2. d4 g6 3. Bc4 Bg7 4. Nf3 e6 5. O-O Ne7 6. d5 e5 7. Bd3 Nd7 8. c4 c5 9. a3 O-O 10. b4 h6 11. Nc3 f5 12. Nb5 Qb6 13. a4 cxb4 14. a5 Qd8 15. Nxd6 Nc5 16. Nxc8 Rxc8 17. Ne1 fxe4 18. Be2 Nf5 19. Bd2 b3 20. Bb4 Nd4 21. Bg4 Rc7 22. Qc1 h5 23. Bd1 Nd3 24. Nxd3 exd3 25.
Bxf8 Bxf8 26. Rb1 Bb4 27. Rxb3 Nxb3 28. Bxb3 Qd6 29. Qg5 d2 30. a6 b6 31. Kh1 Kg7 32.
Qe3 Rf7 33. f3 Rf4 34. Rb1 Rd4 35. Bc2 Rxc4 36. Bd1 Qxd5 37. h4 Bc5 38. Qg5 Rc1 39. Rxc1 dxc1=Q 40. Qxc1 Qd4 41. Be2 Qf2 42. Qc4 Qg1# 0-1

[Event "*** Titled Tuesday Blitz"]
[Site "Chess.com"]
[Date "2020.10.20"]
[Round "2"]
[White "jlucasvf"]
[Black "Sanyura"]
[Result "1-0"]
[WhiteElo "2790"]
[BlackElo "2502"]
[TimeControl "180+1"]
[EndTime "10:17:06 PDT"]
[Termination "jlucasvf won by resignation"]

1. g4 d5 2. Bg2 c5 3. h3 Nc6 4. c4 e6 5. Nc3 d4 6. Bxc6+ bxc6 7. Ne4 f5 8. Ng3 Bd6 9. d3 Qc7 10. Nf1 Nf6 11. g5 Nh5 12. e4 dxe3 13. Qxh5+ g6 14.
Qe2 exf2+ 15. Qxf2 O-O 16. Bd2 e5 17. O-O-O Rb8 18. Bc3 Be6 19. Nd2 e4 20. dxe4 Be5 21. Ne2 Rb7 22. Qxc5 Bxc3 23. Nxc3 Rfb8 24. b3 a5 25.
exf5 Bxf5 26. Rhe1 Qg3 27. Qe3 Qd6 28. Kb2 a4 29.
Nxa4 Qb4 30. Ka1 Ra8 31. Nb1 h5 32. Qc3 Qa3 33. Nxa3 1-0

[Event "*** Titled Tuesday Blitz"]
[Site "Chess.com"]
[Date "2020.10.20"]
[Round "2"]
[White "coco_crc"]
[Black "Das_Virus_2020"]
[Result "0-1"]
[WhiteElo "2180"]
[BlackElo "2421"]
[TimeControl "180+1"]
[EndTime "10:17:08 PDT"]
[Termination "Das_Virus_2020 won by resignation"]

1. e4 e6 2. d4 d5 3. e5 c5 4. c3 Nc6 5. Nf3 Qb6 6. Bd3 cxd4 7.
cxd4 Bd7 8. O-O Nxd4 9. Nbd2 Nc6 10. Nb3 Nh6 11. Be3 Qc7 12. Rc1 a6 13. Nbd4 Ng4 14. Bf4 h5 15. h3 Nh6 16. a3 Be7 17. Qd2 Qb6 18. Be3 Qd8 19. b4 Rc8 20. Nb3 g5 21. Rxc6 Bxc6 22. Nxg5 d4 23. Bf4 Bxg5 24. Bxg5 Qd5 25. f3 Qxb3 26. Bxh6 Rxh6 27. Qxh6 Qxd3 28. Qh8+ Kd7 29. Qf6 Qg6 30. Qf4 Rg8 31.
Qxd4+ Kc8 32. Rf2 Bxf3 33. a4 Bc6 34. b5 axb5 35. axb5 Qb1+ 36. Kh2 Qxb5 0-1

[Event "*** Titled Tuesday Blitz"]
[Site "Chess.com"]
[Date "2020.10.20"]
[Round "2"]
[White "manitodeplomo"]
[Black "dosto07"]
[Result "1-0"]
[WhiteElo "2682"]
[BlackElo "2336"]
[TimeControl "180+1"]
[EndTime "10:17:10 PDT"]
[Termination "manitodeplomo won by resignation"]

1. d4 d5 2. c4 dxc4 3. Nf3 Nf6 4. e3 e6 5. Bxc4 c5 6. Nc3 a6 7. O-O b5 8. Bb3 Bb7 9. Re1 Nbd7 10. e4 cxd4 11. Nxd4 Bc5 12. Be3 O-O 13. e5 Nxe5 14. Nxe6 Qxd1 15. Raxd1 Bxe3 16. Nxf8 Kxf8 17. Rxe3 Ned7 18.
f3 Rc8 19. h4 h5 20. Nd5 Bxd5 21.
Bxd5 Rc5 22. Bb3 a5 23. Rc3 a4 24. Rxc5 Nxc5 25. Bc2 Ke7 26. Kf2 Ke6 27. Ke3 Nd5+ 28.
Kd4 Nd7 29. Bf5+ Kxf5 30. Kxd5 Kf4 31. Kc6 Ne5+ 32. Kxb5 Kg3 33. Rd2 Kxh4 34. Kxa4 Kg3 35. Kb5 g5 36. a4 Kf4 37. a5 Ke3 38. Rd5 1-0

[Event "*** Titled Tuesday Blitz"]
[Site "Chess.com"]
[Date "2020.10.20"]
[Round "2"]
[White "Eliwood44"]
[Black "Euwe1234"]
[Result "0-1"]
[WhiteElo "2437"]
[BlackElo "2300"]
[TimeControl "180+1"]
[EndTime "10:17:10 PDT"]
[Termination "Euwe1234 won by checkmate"]

1. d4 d5 2. c4 c6 3. Nf3 Nf6 4. e3 Bf5 5. Nc3 e6 6. Nh4 Bg6 7. Bd2 Nbd7 8. Be2 Bd6 9. Nxg6 hxg6 10. h3 dxc4 11. Bxc4 e5 12. Qb3 O-O 13. O-O-O exd4 14. exd4 b5 15. Bd3 a5 16. g4 a4 17. Qc2 Nb6 18. Kb1 b4 19. Ne4 Nxe4 20. Bxe4 b3 21. Qxc6 bxa2+ 22. Ka1 a3 23. b3 Rb8 24. Ba5 Bc7 25. Rd3 Qe7 26. f3 Rfc8 27. Qc2 Nd5 28. Bxd5 Bxa5 29. Bc4 Rxc4 30. Qxc4 Qe2 31. Qc1 Qxd3 32.
Qxa3 Bc3+ 33. Kxa2 Qc2+ 34. Qb2 Qxb2# 0-1

[Event "*** Titled Tuesday Blitz"]
[Site "Chess.com"]
[Date "2020.10.20"]
[Round "2"]
[White "googlegoom"]
[Black "TheBigBoss04"]
[Result "0-1"]
[WhiteElo "2357"]
[BlackElo "2735"]
[TimeControl "180+1"]
[EndTime "10:17:11 PDT"]
[Termination "TheBigBoss04 won by resignation"]

1. Nf3 c6 2. b3 d5 3. Bb2 Bf5 4. e3 h6 5. Be2 Nd7 6. d4 Ngf6 7.
Nbd2 e6 8. O-O Bd6 9. c4 O-O 10. a3 a5 11. Bc3 Ne4 12. Nxe4 Bxe4 13. Nd2 Bh7 14. Qc1 Nf6 15. Qb2 Ne4 16. Nxe4 Bxe4 17.
b4 Qh4 18. g3 Qh3 19. f3 axb4 20. axb4 Rxa1 21. Rxa1 Bxg3 22. hxg3 Qxg3+ 23. Kf1 Bxf3 24. Bxf3 Qxf3+ 25. Qf2 Qe4 26. Bb2 dxc4 27. Qe2 f5 28.
Bc1 Rf6 29. Qh5 Kh7 30. Bd2 c3 31. Be1 Rg6 32. Bf2 Rg5 33. Qe2 Qh1+ 0-1

[Event "*** Titled Tuesday Blitz"]
[Site "Chess.com"]
[Date "2020.10.20"]
[Round "2"]
[White "Lion-Al-Messi"]
[Black "dropstoneDP"]
[Result "1-0"]
[WhiteElo "2564"]
[BlackElo "2845"]
[TimeControl "180+1"]
[EndTime "10:17:15 PDT"]
[Termination "Lion-Al-Messi won by resignation"]

1. d4 Nf6 2. Nf3 a6 3. Nc3 d5 4. Bg5 Bf5 5. e3 e6 6. Bd3 Bxd3 7.
cxd3 Be7 8. O-O O-O 9. e4 h6 10. Bh4 Nc6 11. Re1 Re8 12. Qe2 Qd7 13. e5 Nh7 14. Bxe7 Qxe7 15. h4 Qb4 16. Qe3 Qxb2 17. Na4 Qa3 18. Nc5 b6 19. Nb3 Nb4 20.
Rec1 Rec8 21. g4 a5 22. Ne1 a4 23. Nd2 Nf8 24. f4 c5 25. dxc5 bxc5 26. f5 c4 27. f6 Nxd3 28. fxg7 Kxg7 29. Nef3 Qc5 30. Nd4 Ng6 31. N2f3 Nxc1 32. Rxc1 c3 33. h5 Ne7 34. g5 Nf5 35. Nxf5+ exf5 36. Nd4 Kh8 37. g6 Qf8 38. Nxf5 fxg6 39. hxg6 Ra7 40. Qxa7 Qc5+ 41. Qxc5 Rxc5 42. e6 1-0

[Event "*** Titled Tuesday Blitz"]
[Site "Chess.com"]
[Date "2020.10.20"]
[Round "2"]
[White "killer311"]
[Black "Vandros57"]
[Result "1-0"]
[WhiteElo "2424"]
[BlackElo "2198"]
[TimeControl "180+1"]
[EndTime "10:17:15 PDT"]
[Termination "killer311 won on time"]

1. d4 d5 2. c3 Nf6 3. Nf3 Bg4 4.
Bf4 Bxf3 5. gxf3 e6 6. Nd2 Bd6 7.
Bg3 O-O 8. e4 Bxg3 9. hxg3 Nbd7 10. Qc2 h6 11. Bd3 e5 12. exd5 Nxd5 13. O-O-O Qf6 14.
Be4 c6 15. dxe5 Nxe5 16. f4 Ng6 17. Kb1 Rad8 18. Nc4 Rfe8 19. Bxg6 fxg6 20. Ne5 Rxe5 21. fxe5 Qxe5 22. Qxg6 Rf8 23. Rhe1 Qf5+ 24. Qxf5 Rxf5 25. Rd2 Kf7 26. c4 Nb6 27. b3 a5 28. Rde2 Nc8 29. Re8 Nd6 30. Rd8 Rf6 31. c5 Nb5 32. Rd7+ Kg6 33.
Rxb7 Rxf2 34. Re3 Na3+ 35. Kc1 Rc2+ 36. Kd1 Rxc5 37. Ree7 Kf5 38. Rxg7 Ke4 39. Rbd7 Ke3 40. Rge7+ Kf3 41. Rd3+ Kg2 42. Re2+ Kh3 43. Re4 Nb5 44.
g4+ 1-0

[Event "*** Titled Tuesday Blitz"]
[Site "Chess.com"]
[Date "2020.10.20"]
[Round "2"]
[White "AndrewDGreen"]
[Black "catzapto"]
[Result "0-1"]
[WhiteElo "2380"]
[BlackElo "2156"]
[TimeControl "180+1"]
[EndTime "10:17:15 PDT"]
[Termination "catzapto won by resignation"]

1. d4 Nf6 2. Nf3 e6 3. Bf4 c6 4. h3 Qb6 5. Nbd2 Qxb2 6. Rb1 Qxa2 7. e3 Nd5 8. Bc4 Qa5 9. Ra1 Qb4 10. O-O Nxf4 11.
exf4 d5 12. Bd3 Nd7 13. Qe2 Qd6 14. f5 Be7 15. Rfe1 O-O 16. Ne5 Bf6 17. c4 dxc4 18.
Ndxc4 Qxd4 19. Rad1 Nxe5 20. Nxe5 Qxe5 21. Qh5 g6 22.
Qg4 exf5 23. Qf3 Qc7 24. h4 Bxh4 25. g3 Bf6 26. Kg2 Be6 27. Bb1 Bd5 28. Rxd5 cxd5 29. Rh1 d4 30. Ba2 Rad8 31. Qb3 Qc6+ 32. Kg1 d3 33. Qd1 d2 34. Rh2 Qc1 0-1

[Event "*** Titled Tuesday Blitz"]
[Site "Chess.com"]
[Date "2020.10.20"]
[Round "2"]
[White "Sanan_Sjugirov"]
[Black "Berardino"]
[Result "1-0"]
[WhiteElo "2905"]
[BlackElo "2582"]
[TimeControl "180+1"]
[EndTime "10:17:18 PDT"]
[Termination "Sanan_Sjugirov won by resignation"]

1. c4 c5 2. Nc3 Nf6 3. g3 d5 4. cxd5 Nxd5 5. Bg2 Nc7 6. d3 e5 7. Be3 Be7 8. Qa4+ Bd7 9. Qb3 Bc6 10. Bxc6+ Nxc6 11.
Nf3 b6 12. O-O O-O 13. Qa4 Qd7 14. Rfc1 Rad8 15. a3 f6 16. b4 Ne6 17. bxc5 Bxc5 18.
Bxc5 Nxc5 19. Qc2 Nd4 20. Nxd4 exd4 21. Ne4 Nxe4 22. dxe4 Kh8 23. Qd3 f5 24. exf5 Rxf5 25. Rc4 Re5 26. Rd1 Rd5 27. Rdc1 h6 28. Rc7 Qd6 29.
Rxa7 Re5 30. Rcc7 Rg8 31. Rd7 Qe6 32. Qxd4 Rxe2 33. Rxg7 Re1+ 34. Kg2 Qc6+ 35. Kh3 1-0